 Dungeon Crawl Stone Soup version 0.29.1-1-gd02db6906a (webtiles) character file.

Game seed: 5855735903936117817

1673 mcbry74 the Cleaver (level 8, -2/65 (66) HPs)
             Began as a Minotaur Berserker on Sept 16, 2022.
             Was a Priest of Trog.
             Slain by a wight
             ... wielding a +4 flail of freezing
              (6 damage)
             ... on level 6 of the Dungeon.
             The game lasted 00:18:26 (6850 turns).

mcbry74 the Cleaver (Minotaur Berserker)            Turns: 6850, Time: 00:18:27

HP:   -2/65 (66)    AC: 12    Str: 21    XL:     8   Next: 70%
MP:   7/7           EV: 11    Int:  6    God:    Trog [***...]
Gold: 321           SH:  0    Dex: 11    Spells: 7/7 levels left

rFire   . . .      SeeInvis .   a - +0 hand axe (vorpal)
rCold   . . .      Faith    .   (no shield)
rNeg    + . .      Spirit   .   m - +4 ring mail "Yphutol" {rElec rN+}
rPois   .          Reflect  .   (helmet restricted)
rElec   +          Harm     .   x - +1 cloak
rCorr   .          Rampage  .   (no gloves)
Will    ++...                   (no boots)
Stlth   +.........              (no amulet)
HPRegen 1.20/turn               (no ring)
MPRegen 0.10/turn               (no ring)

@: strong-willed, on berserk cooldown, regenerating, slowed, lightly drained,
very slow
A: horns 2, retaliatory headbutt
a: Renounce Religion, Berserk, Trog's Hand


You were on level 6 of the Dungeon.
You worshipped Trog.
Trog was most pleased with you.
You visited 1 branch of the dungeon, and saw 6 of its levels.
You also visited: Ossuary.

You collected 321 gold pieces.

Inventory:

Hand Weapons
 a - a +0 vorpal hand axe (weapon)
 b - a +0 shortbow
 y - a +0 hand axe
Missiles
 j - 4 curare-tipped darts (quivered)
 t - 2 poisoned darts
Armour
 l - a +0 animal skin
 m - the +4 ring mail "Yphutol" (worn) {rElec rN+}
   (You found it on level 5 of the Dungeon)

   rElec:     It insulates you from electricity.
   rN:        It protects you from negative energy.
 o - a +0 chain mail
 s - a +0 plate armour
 x - a +1 cloak (worn)
Jewellery
 f - a ring of poison resistance
Wands
 w - a wand of mindburst (10)
 A - a wand of flame (21)
 C - a wand of digging (6)
Scrolls
 d - 2 scrolls of butterflies
 h - 5 scrolls of poison
 k - 2 scrolls of immolation
 n - a scroll of vulnerability {unknown}
 q - a scroll of enchant weapon {unknown}
 r - 2 scrolls of fear
 v - 2 scrolls of amnesia {unknown}
 D - a scroll of identify
Potions
 c - a potion of might {unknown}
 e - 3 potions of attraction
 g - 2 potions of ambrosia {unknown}
 i - 3 potions of heal wounds
 p - 2 potions of curing {unknown}
 u - 2 potions of haste {unknown}
 z - 2 potions of mutation {unknown}
 B - a potion of flight {unknown}


   Skills:
 - Level 4.0 Fighting
 * Level 9.3 Axes
 + Level 4.9 Ranged Weapons
 + Level 4.5 Throwing
 + Level 5.9 Armour
 - Level 3.0 Dodging


You had 7 spell levels left.
You didn't know any spells.
Your spell library was empty.

Dungeon Overview and Level Annotations

Branches:
Dungeon (6/15)             Temple (0/1) D:6         Ossuary (visited)

Altars:
Dithmenos
Qazlal
Uskayaw
Wu Jian
Zin
The Shining One

Shops:
D:5 !


Innate Abilities, Weirdness & Mutations

You have a pair of horns on your head.
You reflexively headbutt those who attack you in melee.


Message History

You hit the wight but do no damage. You headbutt the wight.
You destroy the wight!
Trog accepts your kill.
Your life force feels restored.
You hit the wight.
The wight is lightly damaged.
The wight hits you but does no damage.
You hit the wight.
The wight is moderately damaged.
The wight hits you but does no damage.
You hit the wight but do no damage.
The wight is moderately damaged.
The wight hits you with a +4 flail of freezing.
The wight freezes you. The wight closely misses you.
You closely miss the wight.
The wight is moderately damaged.
The wight barely misses you.
You barely miss the wight.
You headbutt the wight, but do no damage.
The wight is moderately damaged.
The wight hits you with a +4 flail of freezing.
* * * LOW HITPOINT WARNING * * *
The wight freezes you.
* * * LOW HITPOINT WARNING * * *
Okay, then.
Your skin crawls.
You feel strong-willed. The wight barely misses you. The wight misses you.
You barely miss the wight.
The wight is moderately damaged.
The wight hits you with a +4 flail of freezing!
* * * LOW HITPOINT WARNING * * *
You partially resist.
You feel drained.
* * * LOW HITPOINT WARNING * * *
The wight freezes you.
* * * LOW HITPOINT WARNING * * *
You hit the wight.
The wight is heavily damaged.
The wight hits you with a +4 flail of freezing.
You die...

##.##.....#
####.#.#.....# ##
#...###..###.#######
.####.#..#...# #.......#
..........##.###.#####.#
.####.#.#.##.....# .#
#.....####)### .#
###.### #.#######.#
.#####..# #))@z?.>..#
.....#.## #.###...#....
.###.#.# #.# #...# # .#
#.#######.. ...... .#
#....>..... .......# ##
#.#######.#.......... #
#.# #.#.#......#. #
#.#.# #........... #
#.#.#


You could see a wight.

Vanquished Creatures
  Menkaure (D:4)
  A water moccasin (D:5)
  A black bear (D:5)
  A centaur (D:6)
  A phantom (D:4)
  An elf zombie (Ossuary)
  A necrophage (D:5)
  A scorpion (D:5)
  7 wights (D:6)
  2 hounds
  2 jellies
  3 human zombies (Ossuary)
  2 iguanas (D:5)
  An orc wizard (D:5)
  A hound zombie (Ossuary)
  4 mummies (Ossuary)
  6 adders
  12 gnolls
  An ufetubus (D:4)
  An adder zombie (Ossuary)
  5 dart slugs
  A worm (D:3)
  18 orcs
  4 endoplasms
  2 giant cockroaches
  9 goblins
  7 hobgoblins
  4 quokkas
  9 ball pythons
  6 frilled lizards
  A gnoll zombie (Ossuary)
  A hobgoblin zombie (Ossuary)
  A jackal zombie (Ossuary)
  12 kobolds
  A kobold zombie (Ossuary)
  5 rats
  2 rat zombies (Ossuary)
138 creatures vanquished.

Notes
Turn   | Place    | Note
-------+----------+-------------------------------------------
     0 | D:1      | mcbry74 the Minotaur Berserker began the quest for the Orb.
     0 | D:1      | Reached XP level 1. HP: 19/19 MP: 0/0
   178 | D:1      | Reached XP level 2. HP: 10/27 MP: 1/1
   202 | D:1      | Reached skill level 4 in Axes
   693 | D:1      | Reached XP level 3. HP: 16/33 MP: 2/2
  1423 | D:2      | Reached ** piety under Trog
  1570 | D:2      | Reached XP level 4. HP: 24/40 MP: 3/3
  2077 | D:2      | Found a faded altar of an unknown god.
  2078 | D:2      | Noticed a floating eye
  2080 | D:2      | Noticed a great orb of eyes
  2080 | D:2      | Noticed a golden eye
  2080 | D:2      | Noticed an eye of devastation
  2555 | D:3      | Reached skill level 5 in Axes
  2555 | D:3      | Reached skill level 1 in Throwing
  2638 | D:3      | Reached skill level 1 in Ranged Weapons
  2649 | D:3      | Reached XP level 5. HP: 23/46 MP: 4/4
  2821 | D:3      | Found a glowing silver altar of Zin.
  2883 | D:3      | Found a shadowy altar of Dithmenos.
  3613 | D:3      | Found a stormy altar of Qazlal.
  3657 | D:3      | Found an ornate altar of the Wu Jian Council.
  3808 | D:4      | Reached *** piety under Trog
  3865 | D:4      | Found a sand-covered staircase.
  3872 | Ossuary  | Entered an ossuary
  3882 | Ossuary  | Reached skill level 6 in Axes
  3882 | Ossuary  | Reached XP level 6. HP: 46/52 MP: 5/5
  4392 | D:4      | Reached XP level 7. HP: 59/59 MP: 6/6
  4494 | D:4      | Noticed Menkaure
  4506 | D:4      | Killed Menkaure
  4507 | D:4      | Reached skill level 7 in Axes
  4647 | D:4      | Found a hide-covered altar of Uskayaw.
  4903 | D:5      | Entered Level 5 of the Dungeon
  4926 | D:5      | Identified the +4 ring mail "Yphutol" {rElec rN+}
  5217 | D:5      | Found Hiatz's Distillery.
  5788 | D:5      | Reached skill level 8 in Axes
  5788 | D:5      | Reached skill level 5 in Armour
  5788 | D:5      | Reached XP level 8. HP: 41/66 MP: 7/7
  6075 | D:5      | Found a glowing golden altar of the Shining One.
  6599 | D:6      | Found a staircase to the Ecumenical Temple.
  6822 | D:6      | Reached skill level 9 in Axes
  6849 | D:6      | HP: 2/65 [wight/+4 flail of freezing (3)]
  6850 | D:6      | Slain by a wight

Illustrated notes

Levels and vault maps discovered:
D:1:      saegor_arrival_simple_c, layout_basic, minmay_heptomino_w4
D:2:      layout_loops_cross, hellmonk_ecumenical_altar_watching_god,
          minmay_misc_feat_enclosed
D:3:      layout_basic, grunt_qazlal_clouds, zin_academy,
          nicolae_dithmenos_the_darkroom, mainiacjoe_overflow_tiny_flanked
D:4:      layout_gridville, nicolae_overflow_hidden_temple,
          chequers_ossuary_entry_cave, nrook_mini_vaults, uniq_menkaure
D:5:      layout_loops_corners, tso_altar, serial_shops, kennysheep_mini_moat
D:6:      layout_loops_ring, temple_fountains

Skill      XL: |  1  2  3  4  5  6  7  8 |
---------------+-------------------------+-----
Axes           | 4 5 6 8 9 |  9.3
Fighting       | 4 |  4.0
Armour         | 3 4 5 |  5.9
Dodging        | 3 |  3.0
Throwing       | 1 2 3 4 |  4.5
Ranged Weapons | 1 2 3 4 |  4.9

Action                   |  1- 3 |  4- 6 |  7- 9 || total
-------------------------+-------+-------+-------++-------
Melee: Hand axe          |    70 |   150 |   144 ||   364
       Headbutt          |    13 |    23 |    28 ||    64
       Punch             |       |     1 |     4 ||     5
 Fire: Shortbow          |       |    69 |    38 ||   107
Throw: Dart              |     6 |       |       ||     6
Invok: Berserk           |     1 |     1 |     1 ||     3
       Trog's Hand       |       |     1 |     2 ||     3
  Use: Scroll            |       |       |     7 ||     7
Armor: Animal skin       |     9 |     2 |       ||    11
       Chain mail        |       |    19 |       ||    19
       Plate armour      |       |    78 |    43 ||   121
       Ring mail         |       |       |    23 ||    23
Dodge: Dodged            |    36 |    75 |    49 ||   160
